 Dungeon Crawl Stone Soup version 0.24-a0-203-gf0bc1e94ae (console) character file.

Game seed: 4315133309847648540

104 CedricFluffyTheSecon the Covered (level 4, 0/28 HPs)
             Began as a Gargoyle Fighter on Mar 28, 2019.
             Was an Initiate of Okawaru.
             Slain by Natasha (1 damage)
             ... on level 2 of the Dungeon.
             The game lasted 00:03:12 (1055 turns).

CedricFluffyTheSecon the Covered (Gargoyle Fighter) Turns: 1055, Time: 00:03:13

Health: 0/28       AC: 10    Str: 16 (19) XL:     4   Next: 80%
Magic:  4/4        EV:  7    Int:  8 (9)  God:    Okawaru [......]
Gold:   78         SH:  8    Dex:  7 (10) Spells: 3/3 levels left

rFire    . . .     SeeInvis .   a - +0 flail
rCold    . . .     Gourm    .   c - +0 shield
rNeg     + . .     Faith    .   b - +0 scale mail
rPois    ∞         Spirit   .   (no helmet)
rElec    +         Reflect  .   (no cloak)
rCorr    .         Harm     .   (no gloves)
MR       .....                  (no boots)
Stlth    ..........             (no amulet)
HPRegen  0.09/turn              (no ring)
MPRegen  0.09/turn              (no ring)

@: no status effects
A: negative energy resistance 1, electricity resistance, unbreathing,
petrification resistance, rot immunity, AC +3
a: Renounce Religion


You were on level 2 of the Dungeon.
You worshipped Okawaru.
Okawaru was noncommittal.
You were hungry.

You visited 1 branch of the dungeon, and saw 2 of its levels.

You collected 78 gold pieces.

Inventory:

Hand Weapons
 a - a +0 flail (weapon)
Armour
 b - a +0 scale mail (worn)
 c - a +0 shield (worn)
Scrolls
 l - a scroll of teleportation {unknown}
Potions
 d - a potion of might
 h - 3 potions of haste
Comestibles
 f - 2 rations


   Skills:
 + Level 3.6 Fighting
 * Level 3.4 Maces & Flails
 + Level 4.1 Armour
 + Level 0.4 Dodging
 + Level 3.9 Shields


You had 3 spell levels left.
You didn't know any spells.
Your spell library was empty.

Dungeon Overview and Level Annotations

Branches:
Dungeon (2/15)

Altars:
Elyvilon
Okawaru

Annotations:
D:2 Natasha


Innate Abilities, Weirdness & Mutations

You are resistant to torment.
Your stone body is resilient. (AC +3)
You are immune to poison.
You resist negative energy. (rN+)
You are resistant to electric shocks. (rElec)
You can survive without breathing.
You are immune to petrification.
You are immune to rotting.


Message History

Press < or > to pray at altars.
You kneel at the altar of Okawaru.
Okawaru welcomes you! You block the bat's attack.
Unknown command.
Press < or > to pray at altars.
The bat hits you but does no damage. The bat hits you but does no damage.
Your scale mail prevents you from hitting Natasha.
The bat barely misses you. You block Natasha's attack.
The white imp gestures at you. The puff of frost hits you.
* * * LOW HITPOINT WARNING * * *
You block Natasha's attack.
You barely miss Natasha. The bat hits you but does no damage.
The white imp gestures at you. The puff of frost hits you!
* * * LOW HITPOINT WARNING * * *
Natasha claws you.
You die...

.........? .........
......... .....<..#########
..........≈g≈...#
#.......≈≈≈.8.#
#........b.8_8#
##.....)≈5≈h8.###
##.....≈g≈.@.#.#
###########.#######.#
........^.#.........#######
......)[..#...............#
..........#......)...####
..........#########.....# #
..........# ##†##.#.#
#.....†######## #..#.#.#
#......# #...# ##>....#


You could see Natasha, a white imp, 2 goblins and a bat.

Vanquished Creatures
  A centaur zombie (D:2)
  An adder (D:2)
  3 oozes (D:1)
  4 dart slugs
  4 leopard geckos
  4 giant cockroaches
  4 goblins
  3 hobgoblins
  5 kobolds (D:1)
  A quokka (D:2)
  3 bats (D:1)
  A frilled lizard (D:1)
  4 rats (D:1)
38 creatures vanquished.

Notes
Turn   | Place    | Note
-------+----------+-------------------------------------------
     0 | D:1      | CedricFluffyTheSecon the Gargoyle Fighter began the quest
                  | for the Orb.
     0 | D:1      | Reached XP level 1. HP: 14/14 MP: 1/1
    45 | D:1      | Reached XP level 2. HP: 19/19 MP: 2/2
   130 | D:1      | Reached XP level 3. HP: 11/23 MP: 3/3
   584 | D:1      | Reached skill level 4 in Armour
   811 | D:2      | Found a white marble altar of Elyvilon.
   960 | D:2      | Reached XP level 4. HP: 28/28 MP: 4/4
  1026 | D:2      | Found an iron altar of Okawaru.
  1044 | D:2      | Noticed Natasha
  1051 | D:2      | Became a worshipper of Warmaster Okawaru
  1055 | D:2      | HP: 1/28 [white imp/puff of frost[Natasha] (8)]
  1055 | D:2      | Slain by Natasha

Levels and vault maps discovered:
D:1:      erik_arrival_gehennom, layout_basic
D:2:      cheibrodos_helix_gallery, layout_basic,
          grunt_temple_overflow_gold_and_silver, lemuel_round_altar,
          elyvilon_altar_5, kennysheep_okawaru_gauntlet, uniq_natasha

Skill      XL: |  1  2  3 |
---------------+----------+-----
Armour         | 4 |  4.1
Maces & Flails | 3 |  3.4
Fighting       | |  3.6
Dodging        | |  0.4
Shields        | |  3.9

Action                   |  1- 3 |  4- 6 || total
-------------------------+-------+-------++-------
Melee: Flail             |   107 |    31 ||   138
  Use: Potion            |     3 |     1 ||     4
       Scroll            |     3 |       ||     3
Armor: Scale mail        |    67 |    36 ||   103
Dodge: Dodged            |    24 |    18 ||    42
Block: Shield            |    51 |    43 ||    94

Table legend:
 A = Non-vault XP
 B = Vault XP
 C = Vault XP percentage of total XP
 D = Non-vault monster count
 E = Vault monster count
 F = Vault count percentage of total count
                 A         B        C        D         E       F
            +---------+---------+-------+---------+---------+-------
      Total |     130 |      19 |  12.8 |      33 |       5 |  13.2
            +---------+---------+-------+---------+---------+-------
        D:1 |      56 |      19 |  25.3 |      25 |       5 |  16.7
        D:2 |      74 |       0 |   0.0 |       8 |       0 |   0.0
            +---------+---------+-------+---------+---------+-------
